 Dungeon Crawl Stone Soup version 0.29-a0-419-g77450f2 (webtiles) character file.

Game seed: 9070304704074499300

973 Toastz the Ruffian (level 8, -8/70 HPs)
             Began as a Ghoul Fighter on May 18, 2022.
             Was an Initiate of Ru.
             Mangled by a gnoll
             ... wielding a +3 halberd
              (10 damage)
             ... on level 5 of the Dungeon.
             The game lasted 00:11:01 (5924 turns).

Toastz the Ruffian (Ghoul Fighter)                  Turns: 5924, Time: 00:11:02

Health: -8/70      AC:  7    Str: 22    XL:     8   Next: 16%
Magic:  16/16      EV:  9    Int:  3    God:    Ru [......]
Gold:   210        SH:  4    Dex:  8    Spells: 7/7 levels left

rFire   . . .      SeeInvis .     - Unarmed
rCold   + + .      Faith    .   b - +0 buckler
rNeg    + + +      Spirit   .   m - +1 scale mail {rC+}
rPois   ∞          Reflect  .   (no helmet)
rElec   .          Harm     .   (no cloak)
rCorr   .          Rampage  .   (no gloves)
Will    .....                   (no boots)
Stlth   ..........              (no amulet)
HPRegen 0.00/turn               s - ring of magical power
MPRegen 0.15/turn               (no ring)

@: mighty, inhibited regen
A: claws 1, cold resistance 1, negative energy resistance 3, inhibited
regeneration, torment resistance 2, devour on kill
a: Renounce Religion


You were on level 5 of the Dungeon.
You worshipped Ru.
Ru was noncommittal.
You visited 2 branches of the dungeon, and saw 6 of its levels.

You collected 210 gold pieces.

Inventory:

Missiles
 p - 11 poisoned darts
 u - 2 silver javelins
 v - 9 boomerangs (quivered)
 y - 10 javelins
Armour
 b - a +0 buckler (worn)
 m - a +1 scale mail of cold resistance (worn)
Jewellery
 s - a ring of magical power (left claw)
Wands
 d - a wand of digging (7)
 o - a wand of flame (15)
 x - a wand of charming (10)
Scrolls
 e - a scroll of vulnerability
 f - 2 scrolls of fear
 g - a scroll of enchant weapon
 h - a scroll of poison {unknown}
 i - a scroll of summoning {unknown}
 k - 2 scrolls of immolation
 l - a scroll of torment
 t - a scroll of teleportation
 w - a scroll of fog {unknown}
Potions
 a - 3 potions of attraction
 c - a potion of might
 j - 5 potions of curing
 n - a potion of flight {unknown}
 q - a potion of lignification {unknown}
 r - 3 potions of haste {unknown}


   Skills:
 + Level 5.9 Fighting
 - Level 2.6 Armour
 + Level 4.9 Shields
 * Level 7.4 Unarmed Combat


You had 7 spell levels left.
You didn't know any spells.
Your spell library contained the following spells:

 Spells                   Type           Power      Damage    Failure   Level
 Freeze                   Ice            0%         1d3       91%         1
 Magic Dart               Conj           0%         1d3       91%         1
 Slow                     Hex            0%         N/A       91%         1
 Scorch                   Fire           0%         2d5       97%         2
 Searing Ray              Conj           0%         2d4       97%         2
 Call Canine Familiar     Summ           0%         N/A       99%         3
 Confusing Touch          Hex            0%         N/A       99%         3
 Frozen Ramparts          Ice            0%         1d2       99%         3
 Portal Projectile        Hex/Tloc       0%         N/A       99%         3
 Vampiric Draining        Necr           0%         2d6       99%         3
 Flame Wave               Conj/Fire      0%         2d4       100%        4
 Fulminant Prism          Conj/Hex       0%         3d6       100%        4
 Hailstorm                Conj/Ice       0%         3d3       100%        4
 Leda's Liquefaction      Hex/Erth       0%         N/A       100%        4
 Excruciating Wounds      Necr           0%         N/A       100%        5
 Summon Cactus Giant      Summ           0%         N/A       100%        6
 Blade Hands              Tmut           Unusable   N/A       N/A         5

Dungeon Overview and Level Annotations

Branches:
Dungeon (5/15)             Temple (1/1) D:5

Altars:
Ashenzari
Cheibriados
Dithmenos
Elyvilon
Kikubaaqudgha
Nemelex Xobeh
Okawaru
Ru
Sif Muna
Uskayaw
Vehumet
Wu Jian
Zin
The Shining One

Shops:
D:3 ?   D:5 ?


Innate Abilities, Weirdness & Mutations

You are immune to poison.
You have sharp fingernails.
Your flesh is cold resistant. (rC+)
You are immune to negative energy. (rN+++)
You do not regenerate when monsters are visible.
You are immune to unholy pain and torment.
You thrive by killing the living.


Message History

You closely miss the gnoll.
The gnoll is almost dead.
You block the gnoll's attack.
The gnoll hits you from afar with a +3 halberd.
You closely miss the gnoll.
The gnoll is almost dead.
The gnoll hits you but does no damage.
The gnoll hits you from afar with a +3 halberd!
You closely miss the gnoll.
The gnoll is almost dead.
The gnoll hits you but does no damage. The gnoll closely misses you.
You barely miss the gnoll.
The gnoll is almost dead.
The gnoll hits you with a +0 spear. The gnoll closely misses you.
You scratch the gnoll.
You kill the gnoll!
The gnoll closely misses you. The gnoll hits you with a +0 club.
The gnoll hits you with a +3 halberd.
Items here: )) ? †.
You closely miss the gnoll. The gnoll hits you with a +0 club.
The gnoll closely misses you.
You closely miss the gnoll. You scratch the gnoll but do no damage.
The gnoll hits you with a +0 club.
* * * LOW HITPOINT WARNING * * *
The gnoll hits you with a +3 halberd.
* * * LOW HITPOINT WARNING * * *
You block the gnoll's attack.
You feel very mighty all of a sudden. The gnoll hits you with a +0 club.
* * * LOW HITPOINT WARNING * * *
The gnoll closely misses you.
You mangle the gnoll!!
You kill the gnoll!
The gnoll hits you from afar with a +3 halberd!
* * * LOW HITPOINT WARNING * * *
The gnoll hits you with a +3 halberd.
* * * LOW HITPOINT WARNING * * *
Items here: ( ))) ? ††.
You barely miss the gnoll. The gnoll hits you with a +3 halberd!
You die...

................ ##
#..g............. .. #........
..... ###. #......# #.... ...
#......# #.... ####.#####....#
#.... ..............# ####...# .
###...g...#### #....... .# ..
#...@#..# #....#.. .#
....######.#.#..######.....## .#
...........#<#.....##........ .#
....###......#.....##......#. .#
.............#.....##.....#..
.##########.####.#.....##.....#..
..............##.#.............##
...###........##.#.#...#.........
...# #...#.#####.#.#...#.....)...


You could see a gnoll.

Vanquished Creatures
  Eustachio (D:4)
  An ogre (D:5)
  3 phantoms
  2 howler monkeys (D:5)
  2 orc priests
  2 hounds
  Jessica (D:3)
  4 orc wizards
  Terence (D:2)
  7 gnolls
  3 adders
  An ufetubus (D:4)
  2 worms
  3 dart slugs
  9 orcs
  4 ball pythons
  5 endoplasms
  2 giant cockroaches
  3 goblins (D:1)
  A hobgoblin (D:4)
  6 jackals (D:1)
  3 quokkas
  5 bats
  3 frilled lizards (D:1)
  4 kobolds
  9 rats
87 creatures vanquished.

Vanquished Creatures (others)
  4 demonic plants (D:1)
  2 withered plants (D:1)
6 creatures vanquished.

Grand Total: 93 creatures vanquished

Notes
Turn   | Place    | Note
-------+----------+-------------------------------------------
     0 | D:1      | Toastz the Ghoul Fighter began the quest for the Orb.
     0 | D:1      | Reached XP level 1. HP: 19/19 MP: 0/0
   185 | D:1      | Reached XP level 2. HP: 12/26 MP: 1/1
   655 | D:1      | Reached skill level 3 in Unarmed Combat
   722 | D:1      | Reached XP level 3. HP: 31/31 MP: 2/2
   742 | D:1      | Found a faded altar of an unknown god.
  1779 | D:2      | Noticed Terence
  1791 | D:2      | Killed Terence
  1792 | D:2      | Reached XP level 4. HP: 29/40 MP: 3/3
  2285 | D:2      | Reached skill level 4 in Unarmed Combat
  2565 | D:2      | Reached XP level 5. HP: 37/46 MP: 4/4
  2638 | D:3      | Noticed Jessica
  2935 | D:3      | Killed Jessica
  2951 | D:3      | HP: 2/47 [orc/+0 hand axe (3)]
  3446 | D:3      | Found Rufaim's Magic Scroll Shop.
  3685 | D:4      | Reached XP level 6. HP: 53/53 MP: 5/5
  3691 | D:4      | Reached skill level 5 in Unarmed Combat
  4096 | D:4      | Reached skill level 5 in Fighting
  4139 | D:4      | Noticed Eustachio
  4153 | D:4      | Reached XP level 7. HP: 54/61 MP: 6/6
  4176 | D:4      | Killed Eustachio
  4177 | D:4      | Reached skill level 6 in Unarmed Combat
  5021 | D:5      | Entered Level 5 of the Dungeon
  5021 | D:5      | Found a staircase to the Ecumenical Temple.
  5072 | Temple   | Entered the Ecumenical Temple
  5306 | Temple   | Became a worshipper of Ru the Awakened
  5369 | D:5      | Reached skill level 7 in Unarmed Combat
  5595 | D:5      | Reached XP level 8. HP: 57/70 MP: 7/7
  5675 | D:5      | Found Mufuc's Magic Scroll Boutique.
  5923 | D:5      | HP: 2/70 [gnoll/+3 halberd (5)]
  5924 | D:5      | Mangled by a gnoll

Illustrated notes

Levels and vault maps discovered:
D:1:      tarquinn_simple_flora_water_a, layout_loops_corners,
          shapermc_ecumenical_altar_gd, nicolae_wormholes
D:2:      layout_basic, chequers_serial_rivers_small_b, minmay_rat_gold_closets,
          uniq_terence
D:3:      layout_rooms, serial_shops, shop, uniq_jessica
D:4:      minmay_evil_eye, layout_loops_ring, uniq_eustachio
D:5:      layout_basic, minmay_temple_entry_mini_moons, serial_shops,
          nicolae_inconvenience_store, minmay_misc_feat_tiny
Temple:   eino_temple_water

Skill      XL: |  1  2  3  4  5  6  7 |
---------------+----------------------+-----
Unarmed Combat | 3 4 5 7 |  7.4
Shields        | 3 4 |  4.9
Fighting       | 4 5 |  5.9
Armour         | |  2.6

Action                   |  1- 3 |  4- 6 |  7- 9 || total
-------------------------+-------+-------+-------++-------
Melee: Unarmed           |   129 |   152 |    84 ||   365
Throw: Javelin           |     2 |     1 |     1 ||     4
       Stone             |       |     2 |     1 ||     3
  Use: Scroll            |       |     9 |     1 ||    10
       Potion            |       |       |     1 ||     1
Armor: Scale mail        |    53 |    78 |    15 ||   146
Dodge: Dodged            |    48 |    52 |    25 ||   125
Block: Buckler           |    17 |    16 |    16 ||    49

Table legend: (Time is in decaauts)
 A = Elapsed time spent in this place.
 B = Non-inter-level travel time spent in this place.
 C = Inter-level travel time spent in this place.
 D = Time resting spent in this place.
 E = Time spent auto-exploring this place.
 F = Levels seen in this place.
 G = Mean time per level.
                   A        B        C        D        E       F      G
               +--------+--------+--------+--------+--------+-----+--------+
         Total |   5910 |   5685 |    225 |   1065 |   3758 |   6 |  985.0 |
       Dungeon |   5665 |   5472 |    193 |   1065 |   3559 |   5 | 1133.0 |
        Temple |    244 |    212 |     32 |      0 |    199 |   1 |  244.0 |
               +--------+--------+--------+--------+--------+-----+--------+

Top non-repeatable levels by time:
     D:2: 1726 daAuts
     D:1: 1400 daAuts
     D:4: 1340 daAuts
     D:5: 653 daAuts
     D:3: 545 daAuts
  Temple: 244 daAuts
